 Dungeon Crawl Stone Soup version 0.26-a0-712-ga5a9c9c9d0 (webtiles) character file.

Game seed: 5828805398392192577

90613 tilp the Unseen (level 15, 0/80 HPs)
             Began as a Spriggan Enchanter on Nov 6, 2020.
             Was the Champion of Dithmenos.
             Slain by a manticore (19 damage)
             ... on level 13 of the Dungeon.
             The game lasted 01:07:52 (30561 turns).

tilp the Unseen (Spriggan Enchanter)               Turns: 30561, Time: 01:07:54

Health: 0/80       AC:  7    Str:  9 (10) XL:     15   Next: 52%
Magic:  20/30      EV: 32    Int: 22      God:    Dithmenos [******]
Gold:   842        SH:  0    Dex: 18      Spells: 4/34 levels left

rFire    + . .     SeeInvis +   Y - staff of conjuration
rCold    + . .     Faith    .   (shield currently unavailable)
rNeg     + . .     Spirit   .   C - +2 robe {rC+ rF+}
rPois    .         Reflect  .   y - +0 hat of Xytep {rN+}
rElec    .         Harm     .   G - +2 cloak
rCorr    .         Rampage  .   (gloves unavailable)
MR       ++...                  (boots unavailable)
Stlth    ++++++++++             o - amulet of magic regeneration
HPRegen  0.23/turn              d - ring of wizardry
MPRegen  0.47/turn              L - +6 ring of strength

@: confusing touch, wreathed by umbra, very quick
A: very small, unfitting armour, see invisible, deterioration 1, speed 3
a: Shadow Step, Shadow Form, Renounce Religion


You were on level 13 of the Dungeon.
You worshipped Dithmenos.
Dithmenos was exalted by your worship.
You visited 3 branches of the dungeon, and saw 21 of its levels.
You also visited: Ossuary, Gauntlet and Ice Cave.

You collected 2427 gold pieces.
You spent 1585 gold pieces at shops.

Inventory:

Hand Weapons
 a - a +9 dagger of electrocution
 b - a +2 quick blade of freezing
Missiles
 g - 11 atropa-tipped darts
 H - 63 poisoned darts (quivered)
 O - a throwing net {!f}
Armour
 y - the +0 hat of Xytep (worn) {rN+}
   (You found it in a Gauntlet)

   It protects you from negative energy.
 C - a +2 robe of resistance (worn)
 G - a +2 cloak (worn)
 V - the +2 robe of Omannyra {Dex+8}
   (You found it in a Gauntlet)

   It affects your dexterity (+8).
Magical Staves
 Y - an uncursed staff of conjuration (weapon)
Jewellery
 d - a ring of wizardry (left hand)
 o - an amulet of magic regeneration (around neck)
 L - a +6 ring of strength (right hand)
 M - an uncursed ring of protection from fire
 N - the ring of Tiughuef {rC+ rN+++ MR- Int+6 Slay+5}
   (You took it off a minotaur in a Gauntlet)

   [ring of intelligence]

   It affects your intelligence (+6).
   It affects your accuracy and damage with ranged weapons and melee attacks
   (+5).
   It protects you from cold.
   It renders you almost immune to negative energy.
   It affects your resistance to hostile enchantments.
 S - an uncursed amulet of reflection
 U - an uncursed ring of resist corrosion
Wands
 s - a wand of iceblast (24)
 v - a wand of digging (6)
 z - a wand of flame (12)
 I - a wand of polymorph (17)
 K - a wand of acid (12)
 P - a wand of disintegration (11)
 R - a wand of enslavement (10)
Scrolls
 c - 5 scrolls of immolation
 h - a scroll of brand weapon
 j - 15 scrolls of teleportation
 k - a scroll of summoning
 w - 9 scrolls of remove curse
 A - a scroll of fear
 D - 5 scrolls of fog
 X - a scroll of magic mapping
Potions
 e - 2 potions of cancellation
 f - 2 potions of might
 l - 5 potions of haste
 m - 2 potions of lignification {unknown}
 n - 7 potions of brilliance
 p - 12 potions of flight
 q - a potion of invisibility {unknown}
 r - 6 potions of heal wounds
 t - 14 potions of curing
 u - 3 potions of berserk rage
 x - 3 potions of magic
 B - 5 potions of resistance
 F - a potion of mutation
 J - 5 potions of stabbing
Miscellaneous
 i - a lightning rod (4/4)
 E - a condenser vane (2/2)
 Q - a tin of tremorstones (3/3)
 T - a phantom mirror


   Skills:
 - Level 10.0 Fighting
 - Level 10.0 Short Blades
 - Level 16.0 Dodging
 - Level 16.0 Stealth
 - Level 10.0 Spellcasting
 + Level 4.9 Conjurations
 + Level 11.9 Hexes
 - Level 4.0 Translocations
 - Level 2.0 Ice Magic
 - Level 8.0 Invocations
 + Level 10.9 Evocations


You had 4 spell levels left.
You knew the following spells:

 Your Spells              Type           Power        Failure   Level
a - Corona                Hex            ######.      1%          1
b - Ensorcelled Hibernat  Hex/Ice        #####.       1%          2
c - Confusing Touch       Hex            ######..     1%          3
d - Tukima's Dance        Hex            ######..     1%          3
e - Dazzling Flash        Conj/Hex       ######       1%          3
f - Cause Fear            Hex            ######....   1%          4
g - Invisibility          Hex            ######..     2%          6
h - Blink                 Tloc           N/A          1%          2
i - Apportation           Tloc           ####..       1%          1
j - Bolt of Magma         Conj/Fire/Erth ####......   32%         5

Your spell library contained the following spells:

 Spells                   Type           Power        Failure   Level
 Gell's Gravitas          Tloc           ####......   1%          3
 Lesser Beckoning         Tloc           ####......   1%          3
 Portal Projectile        Hex/Tloc       #####.       1%          3
 Teleport Other           Tloc           ####....     1%          3
 Static Discharge         Conj/Air       ####....     2%          3
 Passage of Golubria      Tloc           N/A          4%          4
 Iskenderun's Battlesphe  Conj           #####...     9%          5
 Lightning Bolt           Conj/Air       ####......   24%         5
 Alistair's Intoxication  Tmut/Pois      ##.......    52%         5
 Dispersal                Tloc           ####......   54%         6
 Discord                  Hex            ######....   71%         8
 Iron Shot                Conj/Erth      ####......   77%         6
 Orb of Destruction       Conj           #####.....   93%         7
 Spellforged Servitor     Conj/Summ      ####......   99%         7
 Disjunction              Tloc           ####......   100%        8
 Ignition                 Fire           ##........   100%        8
 Shatter                  Erth           ##........   100%        9
 Tornado                  Air            ##........   100%        9


Dungeon Overview and Level Annotations

Branches:
Dungeon (13/15)            Temple (0/1) D:7            Lair (6/6) D:8
  Swamp (0/4) Lair:3        Snake (0/4) Lair:3        Slime (0/5) Lair:5
    Orc (2/2) D:10            Elf (0/3) Orc:2       Ossuary (visited)
  IceCv (visited)         Gauntlet (visited)
 Vaults: D:13-14

Altars:
Ashenzari
Cheibriados
Dithmenos
Elyvilon
Fedhas
Hepliaklqana
Makhleb
Qazlal
Vehumet
Wu Jian
Yredelemnul
Zin
Beogh

Shops:
Orc:2 *(![}

Annotations:
Lair:5 3 runed translucent doors, exclusion: 3 oklob plants, zikan's ghost, journeyman GnFi


Innate Abilities, Weirdness & Mutations

You are very small and have problems with some larger weapons.
You are too small for most types of armour.
You have supernaturally acute eyesight. (SInv)
You cover ground extremely quickly.
Your body sometimes deteriorates upon taking damage.


Message History

The manticore completely misses you. The manticore misses you.
The manticore completely misses you.
A manticore is nearby!
A manticore is nearby!
Casting: Ensorcelled Hibernation (safe; 1% risk of failure)
Confirm with . or Enter, or press ? or * to list all spells.
Your hands begin to glow red.
The manticore completely misses you.
The manticore claws you but does no damage.
The manticore completely misses you.
Unknown command.
You barely miss the manticore.
The manticore is lightly wounded.
The manticore completely misses you. The manticore claws you!
* * * LOW HITPOINT WARNING * * *
Your body deteriorates!
You feel weakened. The manticore completely misses you.
You hit the manticore but do no damage.
You blast the manticore.
The manticore is moderately wounded.
The manticore bites you!!
You die...

## ≈## ≈≈# ≈≈### ≈≈..##
≈≈...# # . ≈≈...#
######'#...
≈≈...#########.§§§.§....
≈≈≈....#.....§§.@H......
≈≈.....#.....§.§§§......
≈≈.....#.....§.§§§§.....
≈.≈....'.(............^.
≈≈≈...<#..........#.#...
≈≈.≈...#.........##.# ..
≈≈≈≈#..#..........# #....#
≈≈..#..#####'##^.##.##...#
≈≈..........).....#.#....#


You could see a manticore.

Vanquished Creatures
  Rupert (D:13)
  An orc warlord (Orc:2)
  A minotaur (Gauntlet)
  4 dire elephants (Lair:6)
  A boulder beetle (Lair:2)
  An anaconda (Lair:6)
  11 hydras
  5 two-headed ogres
  2 dancing weapons (D:13)
  A centaur warrior (D:13)
  2 death yaks
  11 orc high priests
  Urug (Lair:3)
  A fire crab (Lair:6)
  An unseen horror (Lair:3)
  Pikel (D:4)
  3 oklob plants (D:13)
  2 wolf spiders (Lair:6)
  7 cyclopes
  2 manticores (D:13)
  A manticore (shapeshifter) (D:13)
  An orc sorcerer (Orc:1)
  2 deep elf magi
  4 ugly things
  8 black mambas
  11 elephants
  A torpor snail (Lair:5)
  21 cane toads
  2 gargoyles (D:11)
  An ice statue (IceCv)
  Maggie (D:9)
  2 rime drakes
  9 komodo dragons
  A merfolk (shapeshifter) (Gauntlet)
  Grinder (D:5)
  A blink frog (shapeshifter) (Gauntlet)
  A bog body (Lair:3)
  7 trolls
  18 blink frogs
  4 slime creatures
  2 dream sheep (Lair:6)
  5 shadows
  5 flying skulls (Gauntlet)
  A wraith (D:13)
  7 wyverns
  A vampire (D:11)
  51 yaks
  4 fire bats (Lair:1)
  5 basilisks
  6 humans (D:7)
  4 swamp worms (Lair:3)
  Edmund (D:4)
  13 wargs
  16 water moccasins
  A floating eye (D:13)
  2 soldier ants
  A swamp drake (D:8)
  A black bear (D:12)
  3 necrophages
  An eye of draining (D:10)
  11 ice beasts
  2 phantoms
  16 orc warriors
  5 wolves (Lair:2)
  An ogre (shapeshifter) (Gauntlet)
  11 ogres
  10 centaurs
  5 big kobolds
  15 bullfrogs
  2 wyvern zombies (D:13)
  3 scorpions
  2 troll zombies (D:10)
  4 killer bees (D:12)
  4 wights (D:8)
  6 howler monkeys
  2 electric eels
  5 jellies
  35 orc priests
  2 bullfrog skeletons
  4 centaur skeletons
  6 hounds
  Ijyb (D:3)
  11 worker ants
  Natasha (thrice) (D:4)
  5 iguanas
  27 orc wizards
  A killer bee zombie (D:6)
  6 ogre zombies (D:10)
  A hound zombie (D:7)
  8 mummies (Ossuary)
  2 worker ant zombies
  10 adders
  13 white imps
  4 ufetubi
  2 adder zombies (D:9)
  An adder skeleton (D:4)
  2 worms
  3 dart slugs
  5 leopard geckos
  107 orcs
  3 giant cockroaches
  A gnoll zombie (Ossuary)
  6 goblins
  5 hobgoblins
  8 jackals
  A quokka (D:5)
  5 ball pythons
  4 bats
  8 frilled lizards
  A goblin zombie (D:10)
  5 hobgoblin zombies
  28 kobolds
  A kobold zombie (Ossuary)
  2 orc skeletons (D:10)
  23 orc zombies
  A quokka skeleton (D:8)
  6 rats
757 creatures vanquished.

Vanquished Creatures (collateral kills)
  An orc warrior (Orc:2)
  An orc (Orc:2)
2 creatures vanquished.

Vanquished Creatures (others)
  An orc (Orc:2)
  A bush (Lair:6)
  4 demonic plants (Gauntlet)
  27 fungi
  47 plants
  26 withered plants (Gauntlet)
106 creatures vanquished.

Grand Total: 865 creatures vanquished

Notes
Turn   | Place    | Note
-------+----------+-------------------------------------------
     0 | D:1      | tilp the Spriggan Enchanter began the quest for the Orb.
     0 | D:1      | Reached XP level 1. HP: 9/9 MP: 5/5
   356 | D:1      | Found a broken altar of Ashenzari.
   558 | D:1      | Reached XP level 2. HP: 8/13 MP: 4/6
   562 | D:1      | Reached skill level 5 in Stealth
   677 | D:1      | Learned a level 2 spell: Ensorcelled Hibernation
  1535 | D:2      | Reached XP level 3. HP: 11/16 MP: 8/8
  1725 | D:2      | Learned a level 3 spell: Confusing Touch
  2800 | D:3      | Reached XP level 4. HP: 15/21 MP: 4/9
  3234 | D:3      | Noticed Ijyb
  3250 | D:3      | Killed Ijyb
  3548 | D:4      | Reached XP level 5. HP: 24/24 MP: 10/10
  3563 | D:4      | Found a stormy altar of Qazlal.
  3592 | D:4      | Reached skill level 1 in Evocations
  3644 | D:4      | Noticed a lemure
  3644 | D:4      | Noticed Edmund
  3876 | D:4      | Found a blossoming altar of Fedhas.
  3878 | D:4      | Noticed an ogre
  3879 | D:4      | Noticed Natasha
  3905 | D:4      | Killed Natasha
  3913 | D:4      | Killed an ogre
  3913 | D:4      | Reached XP level 6. HP: 25/28 MP: 2/11
  4076 | D:4      | Noticed Natasha
  4111 | D:4      | Killed Natasha
  4178 | D:4      | Noticed Natasha
  4219 | D:4      | Killed Natasha
  4219 | D:4      | Reached skill level 5 in Short Blades
  4436 | D:5      | Entered Level 5 of the Dungeon
  4682 | D:5      | Noticed Grinder
  4686 | D:5      | Killed Grinder
  4686 | D:5      | Reached skill level 5 in Hexes
  4686 | D:5      | Reached XP level 7. HP: 32/32 MP: 11/14
  5431 | D:6      | Found Hymehafu's Magic Scroll Boutique.
  5434 | D:6      | Bought a scroll of identify for 30 gold pieces
  5434 | D:6      | Bought a scroll of enchant weapon for 112 gold pieces
  5434 | D:6      | Bought a scroll of enchant weapon for 112 gold pieces
  5490 | D:6      | Found a sand-covered staircase.
  5494 | Ossuary  | Entered an ossuary
  6376 | D:6      | Bought a scroll of identify for 30 gold pieces
  6376 | D:6      | Bought a scroll of enchant weapon for 112 gold pieces
  6376 | D:6      | Bought a scroll of fog for 30 gold pieces
  6376 | D:6      | Bought a scroll of remove curse for 45 gold pieces
  6470 | D:6      | Found a shadowy altar of Dithmenos.
  6503 | D:6      | Became a worshipper of Dithmenos the Shadowed
  6525 | D:6      | Found a hazy altar of Hepliaklqana.
  6574 | D:6      | Reached XP level 8. HP: 36/36 MP: 15/15
  6877 | D:6      | Reached skill level 1 in Fighting
  7062 | D:6      | Reached skill level 5 in Dodging
  7515 | D:7      | Found a staircase to the Ecumenical Temple.
  7538 | D:7      | Reached * piety under Dithmenos
  7752 | D:7      | Found a glowing silver altar of Zin.
  7833 | D:7      | Reached XP level 9. HP: 26/44 MP: 9/16
  7837 | D:7      | Reached skill level 1 in Invocations
  8121 | D:7      | Found an ornate altar of the Wu Jian Council.
  8163 | D:7      | Reached skill level 5 in Evocations
  8719 | D:8      | Noticed a komodo dragon
  8759 | D:8      | Killed a komodo dragon
  8759 | D:8      | Reached skill level 10 in Stealth
  8902 | D:8      | Noticed a komodo dragon
  8905 | D:8      | Found a staircase to the Lair.
  8906 | D:8      | Killed a komodo dragon
  9093 | D:8      | Found a burning altar of Makhleb.
  9094 | D:8      | Found a snail-covered altar of Cheibriados.
  9253 | D:8      | Reached ** piety under Dithmenos
  9257 | D:8      | Reached XP level 10. HP: 49/49 MP: 17/17
  9790 | D:9      | Noticed Maggie
  9795 | D:9      | Killed Maggie
  9815 | D:9      | Found a broken altar of Ashenzari.
  9816 | D:9      | Found a radiant altar of Vehumet.
 10107 | D:9      | Noticed a two-headed ogre
 10114 | D:9      | Killed a two-headed ogre
 10432 | D:9      | Noticed a two-headed ogre
 10438 | D:9      | Killed a two-headed ogre
 10487 | D:9      | Noticed a cyclops
 10493 | D:9      | Killed a cyclops
 10528 | D:9      | Reached *** piety under Dithmenos
 10584 | D:9      | Reached skill level 5 in Spellcasting
 10696 | D:9      | Found a white marble altar of Elyvilon.
 10746 | D:9      | Found a basalt altar of Yredelemnul.
 10982 | D:10     | Entered Level 10 of the Dungeon
 11083 | D:10     | Found a staircase to the Orcish Mines.
 11093 | D:10     | Reached XP level 11. HP: 53/53 MP: 13/19
 11196 | D:10     | Reached **** piety under Dithmenos
 11782 | D:10     | Reached skill level 5 in Invocations
 12006 | D:11     | Noticed a deep elf mage
 12054 | D:10     | Killed a deep elf mage
 12405 | D:11     | Found a gate leading to a gauntlet.
 12413 | Gauntlet | Entered a Gauntlet
 12413 | Gauntlet | Found a transporter.
 12489 | Gauntlet | Found a transporter.
 12504 | Gauntlet | Found a transporter.
 12509 | Gauntlet | Found a transporter.
 12522 | Gauntlet | Noticed a wretched star
 12524 | Gauntlet | Found a transporter.
 12543 | Gauntlet | Found a transporter.
 12551 | Gauntlet | Noticed a blizzard demon
 12555 | Gauntlet | Found a transporter.
 12563 | Gauntlet | Noticed a blizzard demon
 12567 | Gauntlet | Found a transporter.
 12575 | Gauntlet | Found a large runed translucent door.
 12576 | Gauntlet | Found a large runed translucent door.
 12577 | Gauntlet | Found a large runed translucent door.
 12577 | Gauntlet | Found a large runed translucent door.
 12578 | Gauntlet | Found a runed translucent gate.
 12579 | Gauntlet | Found a transporter.
 12579 | Gauntlet | Found a runed translucent gate.
 12580 | Gauntlet | Found a runed translucent gate.
 12581 | Gauntlet | Found a large runed translucent door.
 12581 | Gauntlet | Found a large runed translucent door.
 12581 | Gauntlet | Found a runed translucent door.
 12581 | Gauntlet | Found a runed translucent door.
 12582 | Gauntlet | Found a large runed translucent door.
 12583 | Gauntlet | Found a large runed translucent door.
 12585 | Gauntlet | Found a transporter.
 12585 | Gauntlet | Found a transporter.
 12590 | Gauntlet | Found a large runed translucent door.
 12590 | Gauntlet | Found a large runed translucent door.
 12591 | Gauntlet | Found the +0 staff of Battle
 12591 | Gauntlet | Found a large runed translucent door.
 12592 | Gauntlet | Found a large runed translucent door.
 12600 | Gauntlet | Found a transporter.
 12620 | Gauntlet | Found a transporter.
 12631 | Gauntlet | Found a large runed translucent door.
 12632 | Gauntlet | Found a large runed translucent door.
 12633 | Gauntlet | Found a large runed translucent door.
 12633 | Gauntlet | Found a large runed translucent door.
 12637 | Gauntlet | Found a transporter.
 12662 | Gauntlet | Found a transporter.
 12664 | Gauntlet | Found a transporter.
 12665 | Gauntlet | Noticed a sea snake
 12665 | Gauntlet | a water nymph changed into a sea snake
 12684 | Gauntlet | Found a transporter.
 12764 | Gauntlet | Found a transporter.
 12953 | Gauntlet | Reached ***** piety under Dithmenos
 13204 | Gauntlet | Learned a level 3 spell: Dazzling Flash
 13208 | Gauntlet | Learned a level 3 spell: Tukima's Dance
 13218 | Gauntlet | Got a glimmering hat
 13323 | Gauntlet | Reached skill level 10 in Dodging
 13404 | Gauntlet | Got a clouded wooden ring
 13412 | Gauntlet | Identified the +5 hunting sling "Bunub" {freeze, *Slow
                  | rPois Int+6}
 13412 | Gauntlet | Identified the ring of Tiughuef {rC+ rN+++ MR- Int+6
                  | Slay+5}
 13412 | Gauntlet | Noticed a minotaur
 13424 | Gauntlet | Killed a minotaur
 13526 | Gauntlet | Identified Sif Muna's Reference Book on Malediction
 13528 | Gauntlet | Got a dull robe
 13540 | Gauntlet | Learned a level 4 spell: Cause Fear
 13543 | Gauntlet | Learned a level 2 spell: Blink
 13781 | D:11     | Reached XP level 12. HP: 59/59 MP: 18/22
 14302 | D:12     | Reached skill level 5 in Fighting
 14312 | D:12     | Identified the cursed +0 hat of Xytep {rN+} (You found it
                  | in a Gauntlet)
 15244 | D:12     | Reached skill level 10 in Hexes
 15442 | D:12     | Identified the +2 robe of Omannyra {Dex+8} (You found it in
                  | a Gauntlet)
 15608 | Lair:1   | Entered Level 1 of the Lair of Beasts
 15689 | Lair:1   | Found a frozen archway.
 15738 | IceCv    | Entered an ice cave
 15830 | IceCv    | Reached skill level 10 in Short Blades
 17097 | Lair:2   | Reached skill level 15 in Stealth
 18094 | Lair:2   | Noticed a boulder beetle
 18102 | Lair:2   | Killed a boulder beetle
 18102 | Lair:2   | Reached XP level 13. HP: 65/65 MP: 23/23
 18357 | Lair:3   | Reached skill level 1 in Translocations
 18493 | Lair:3   | Found a staircase to the Snake Pit.
 18500 | Lair:3   | Noticed Snorg
 18508 | Lair:3   | Reached ****** piety under Dithmenos
 18508 | Lair:3   | Reached skill level 1 in Conjurations
 18613 | Lair:3   | Identified the ring "Onuno" {Fire rN++ Int+2} (You found it
                  | in a Gauntlet)
 18638 | Lair:3   | Noticed Snorg
 18638 | Lair:3   | Snorg changed into Snorg the unseen horror
 18643 | Lair:3   | Killed Snorg the unseen horror
 18839 | Lair:3   | Noticed Urug
 18841 | Lair:3   | Killed Urug
 19117 | Lair:3   | Found a staircase to the Swamp.
 20244 | Lair:4   | Learned a level 6 spell: Invisibility
 20395 | Lair:4   | Got an ancient long sword
 20947 | Lair:5   | Reached skill level 15 in Dodging
 21060 | Lair:5   | Found a staircase to the Slime Pits.
 21678 | Lair:5   | Found a runed translucent gate.
 21678 | Lair:5   | Found a runed translucent gate.
 21678 | Lair:5   | Found a runed translucent gate.
 21697 | Lair:5   | Noticed a minotaur
 21698 | Lair:5   | Noticed zikan's ghost (journeyman GnFi)
 22006 | Lair:6   | Entered Level 6 of the Lair of Beasts
 22229 | Lair:6   | Found a shadowy altar of Dithmenos.
 22574 | Lair:6   | Reached XP level 14. HP: 73/73 MP: 27/27
 22760 | Lair:6   | Identified the cursed +1 long sword of Hakk {flame, *Noise
                  | *Corrode +Inv rElec} (You found it on level 4 of the Lair
                  | of Beasts)
 23155 | Lair:6   | Reached skill level 10 in Fighting
 23365 | Lair:6   | Reached skill level 1 in Ice Magic
 24815 | D:4      | Noticed Pikel
 24818 | D:4      | Killed Edmund
 24823 | D:4      | Killed Pikel
 25030 | Orc:1    | Entered Level 1 of the Orcish Mines
 25523 | Orc:1    | Found a roughly hewn altar of Beogh.
 25605 | Orc:1    | You fall into a shaft and drop 1 floor!
 25605 | Orc:2    | Entered Level 2 of the Orcish Mines
 25842 | Orc:2    | Gained mutation: Your body sometimes deteriorates upon
                  | taking damage. [a neqoxec]
 26072 | Orc:2    | Reached XP level 15. HP: 31/80 MP: 27/29
 28033 | Orc:2    | Noticed an orc warlord
 28044 | Orc:2    | Killed an orc warlord
 28605 | Orc:2    | Found a roughly hewn altar of Beogh.
 28634 | Orc:2    | Found Fetejol's Assorted Antiques.
 28634 | Orc:2    | Found Gekkus's Antique Weapon Shoppe.
 28704 | Orc:2    | Found Venu Lumump's Distillery.
 28704 | Orc:2    | Found Neiriq's Armour Shoppe.
 28731 | Orc:2    | Bought 2 potions of degeneration for 30 gold pieces
 28756 | Orc:2    | Found a roughly hewn altar of Beogh.
 28803 | Orc:2    | Found Oserub's Gadget Boutique.
 28821 | Orc:2    | Bought a condenser vane (2/2) for 340 gold pieces
 28826 | Orc:2    | Found a staircase to the Elven Halls.
 29014 | Orc:2    | Reached skill level 10 in Evocations
 29172 | Orc:2    | Bought a potion of resistance for 150 gold pieces
 29172 | Orc:2    | Bought a potion of cancellation for 120 gold pieces
 29172 | Orc:2    | Bought a potion of magic for 120 gold pieces
 29172 | Orc:2    | Bought a potion of stabbing for 60 gold pieces
 29202 | Orc:2    | Bought a scroll of magic mapping for 108 gold pieces
 29202 | Orc:2    | Bought 3 scrolls of identify for 186 gold pieces
 29363 | D:13     | Noticed Rupert
 29369 | D:13     | Killed Rupert
 29534 | D:13     | Reached skill level 10 in Spellcasting
 29537 | D:13     | Learned a level 1 spell: Apportation
 29543 | D:13     | Learned a level 5 spell: Bolt of Magma
 30561 | D:13     | Slain by a manticore

Illustrated notes

Levels and vault maps discovered:
D:1:      lightli_arrival_lavapool, layout_basic, nrook_uturn,
          evilmike_ruin_ashenzari
D:2:      layout_loops_corners
D:3:      layout_loops_ring, minivault_27, uniq_ijyb
D:4:      layout_rooms, grunt_temple_overflow_forces_of_nature, sigmund_army,
          uniq_pikel, uniq_edmund, uniq_natasha
D:5:      layout_loops_ring, uniq_grinder
D:6:      minmay_thick_lines, layout_basic, grunt_dithmenos_smoke,
          old_standard_altar, enter_ossuary_5, serial_shops, shop
D:7:      layout_rooms, kennysheep_little_box, kennysheep_mini,
          minmay_temple_entry_sparse_star, minmay_ruffians
D:8:      layout_loops_ring, cheibriados_altar_1, erik_lair_dragon,
          chequers_decorated_corner, serial_bayou_pond_d,
          makhleb_heckhound_becter
D:9:      minmay_razor_zed, layout_rooms, kennysheep_ying_yang,
          chequers_temple_overflow_statue_of_worship, uniq_maggie
D:10:     layout_basic, zombieorc2_lemuel
D:11:     layout_basic, gauntlet_entry_generic
D:12:     layout_stronghold, kennysheep_path_1, minmay_orc_keep
D:13:     layout_gridville, erik_vaults_1, chequers_serial_rivers_small_3,
          disabler_island, uniq_rupert
Lair:1:   layout_gridlike, portal_ice_cave_entry_imps
Lair:2:   layout_big_grid
Lair:3:   layout_concentric_octagons, nicolae_swamp_entry_splash_gauntlet,
          minmay_snake_entry_six_corridors, uniq_snorg, uniq_urug
Lair:4:   layout_regular_city, chequers_serial_rivers_large_a,
          cheibrodos_lair_reptile_den, lemuel_fruit_tree, serial_bayou_shore_b,
          grunt_megastairs_5
Lair:5:   layout_cave_pods, minmay_slime_entry_pillars,
          maelrawn_ghost_gauntlet_escape, st_stairs_8, minmay_lair_oklob_chamber
Lair:6:   due_jungle_book, layout_long_grid, basic_altar,
          minmay_shattered_shrine
Orc:1:    layout_diamond_mine, basic_altar
Orc:2:    st_orc_town, layout_caves, serial_shops, nicolae_shop_waterfront,
          nicolae_orc_lost_temple

Skill      XL: |  1  2  3  4  5  6  7  8  9 10 11 12 13 14 15 |
---------------+----------------------------------------------+-----
Stealth        | 5 6 7 8 10 12 13 16 | 16.0
Short Blades   | 2 3 4 5 7 8 9 10 | 10.0
Evocations     | 2 4 6 7 8 9 10 | 10.9
Spellcasting   | 4 5 6 8 9 10 | 10.0
Hexes          | 5 7 8 9 10 11 | 11.9
Fighting       | 3 4 6 8 10 | 10.0
Dodging        | 8 9 10 13 16 | 16.0
Invocations    | 4 6 7 8 |  8.0
Translocations | 4 |  4.0
Conjurations   | 2 3 4 |  4.9
Ice Magic      | 2 |  2.0

Action                   |  1- 3 |  4- 6 |  7- 9 | 10-12 | 13-15 || total
-------------------------+-------+-------+-------+-------+-------++-------
Melee: Dagger            |   104 |    80 |   226 |   626 |   803 ||  1839
       Staff             |       |       |       |       |    13 ||    13
Throw: Dart              |       |       |       |       |     2 ||     2
 Cast: Corona            |     5 |     1 |    11 |     1 |       ||    18
       Ensorcelled Hiber |    23 |    27 |    80 |   120 |   130 ||   380
       Confusing Touch   |       |     2 |    18 |    40 |    43 ||   103
       Dazzling Flash    |       |       |       |    13 |    48 ||    61
       Invisibility      |       |       |       |       |     2 ||     2
       Cause Fear        |       |       |       |       |     1 ||     1
Invok: Shadow Step       |       |       |       |       |     5 ||     5
Evoke: Wand              |       |       |       |     5 |    17 ||    22
       Lightning rod     |       |       |       |     4 |       ||     4
       Phantom mirror    |       |       |       |       |     1 ||     1
  Use: Scroll            |     5 |     4 |    14 |    11 |    17 ||    51
       Potion            |       |       |       |     2 |       ||     2
 Stab: Sleeping          |    29 |    16 |    61 |   102 |   153 ||   361
       Confused          |       |     3 |    12 |    31 |    29 ||    75
       Invisible         |       |       |       |    21 |    52 ||    73
       Distracted        |       |       |       |     1 |     1 ||     2
       Petrifying        |       |       |       |       |     1 ||     1
Armor: Robe              |     8 |     7 |     5 |    20 |    30 ||    70
Dodge: Dodged            |    71 |    44 |    95 |   443 |   743 ||  1396

Table legend: (Time is in decaauts)
 A = Elapsed time spent in this place.
 B = Non-inter-level travel time spent in this place.
 C = Inter-level travel time spent in this place.
 D = Time resting spent in this place.
 E = Time spent auto-exploring this place.
 F = Levels seen in this place.
 G = Mean time per level.
                   A        B        C        D        E       F      G
               +--------+--------+--------+--------+--------+-----+--------+
         Total |  23130 |  21934 |   1196 |   8928 |   8153 |  24 |  963.8 |
       Dungeon |  11159 |  10402 |    757 |   3254 |   4695 |  13 |  858.4 |
          Lair |   6311 |   6033 |    278 |   2492 |   2373 |   6 | 1051.8 |
  Orcish Mines |   3488 |   3328 |    160 |   2117 |    609 |   2 | 1744.0 |
       Ossuary |    749 |    749 |      0 |    432 |     69 |   1 |  749.0 |
      Ice Cave |    533 |    533 |      0 |    381 |      0 |   1 |  533.0 |
      Gauntlet |    887 |    887 |      0 |    251 |    405 |   1 |  887.0 |
               +--------+--------+--------+--------+--------+-----+--------+

Top non-repeatable levels by time:
   Orc:1: 2258 daAuts
  Lair:6: 1770 daAuts
   Orc:2: 1230 daAuts
  Lair:3: 1148 daAuts
     D:8: 1109 daAuts
    D:12: 1025 daAuts
     D:2: 1007 daAuts
     D:1: 956 daAuts
     D:9: 929 daAuts
  Lair:5: 928 daAuts
Gauntlet: 887 daAuts
  Lair:4: 850 daAuts
  Lair:2: 832 daAuts
     D:7: 819 daAuts
     D:4: 809 daAuts
